[Event "Titled Tuesday Blitz October 31 Late 2023"]
[White "Bortnyk, Mykola"]
[Black "Yelisieiev, Yevhenii"]
[WhiteFideId "14120836"]
[BlackFideId "14139642"]
[WhiteElo "3003"]
[BlackElo "2617"]
[Result "1-0"]
[Round "2"]
[TimeControl "180+1"]
[Date "2023.10.31"]
[WhiteClock "0:01:00"]
[BlackClock "0:00:01"]
[Board "9"]

1. e4 d6 2. d4 Nf6 3. Nc3 e5 4. Nf3 Nbd7 5. Bc4 Be7 6. a4 a5 7. Bxf7+ Kxf7 8. Ng5+ Kg8 9. Ne6 Qe8 10. Nxc7 Qg6 11. Nxa8 Qxg2 12. Rf1 exd4 13. Nb5 Ne5 14. f3 Nfg4 15. Qe2 Bh4+ 16. Kd1 Nf2+ 17. Rxf2 Bxf2 18. Bd2 d3 19. cxd3 Nxf3 20. Kc2 Bg4 21. Qf1 Qxh2 22. Qh1 Qe5 23. Bc3 Qc5 24. Qg2 h5 25. Rf1 Ne1+ 26. Rxe1 Bxe1 27. d4 Qc4 28. Nb6 Qc6 29. Nd5 Bxc3 30. Ne7+ Kh7 31. Nxc6 bxc6 32. Nxc3 Rf8 33. e5 dxe5 34. dxe5 Bf3 35. Qg5 Bg4 36. Ne4 Rf5 37. Qe7 Rf4 38. Nf6+ Kg6 39. Nxg4 hxg4 40. Qd6+ Kg5 41. e6 g3 42. Qe5+ Rf5 43. Qxg7+ Kf4 44. e7 Re5 45. Qxe5+ Kxe5 46. e8=Q+ 1-0


[Site "https://www.chess.com"]

[Event "Titled Tuesday Blitz October 31 Late 2023"]
[White "ArtemDyachuk"]
[Black "Oparin, Grigoriy"]
[BlackFideId "24125890"]
[WhiteElo "2615"]
[BlackElo "2977"]
[Result "1-0"]
[Round "2"]
[TimeControl "180+1"]
[Date "2023.10.31"]
[WhiteClock "0:00:03"]
[BlackClock "0:00:01"]
[Board "10"]

1. e4 e5 2. Nf3 Nc6 3. Bb5 Nge7 4. Nc3 Ng6 5. O-O Bc5 6. d3 O-O 7. Bg5 Nce7 8. a3 h6 9. Bd2 c6 10. Ba4 d5 11. h3 f5 12. exd5 cxd5 13. d4 exd4 14. Ne2 Nc6 15. Nc1 f4 16. Nd3 Bb6 17. Re1 Qf6 18. Bb3 Rd8 19. Ba2 Kh7 20. b4 a6 21. Qc1 Bc7 22. a4 b6 23. c3 dxc3 24. Bxc3 d4 25. Bd2 b5 26. axb5 axb5 27. Bg8+ Rxg8 28. Rxa8 Rf8 29. Nc5 Nce5 30. Ne4 Nxf3+ 31. gxf3 Qe5 32. Qc5 Qxc5 33. bxc5 Ne5 34. Rea1 Nxf3+ 35. Kf1 Kg8 36. R1a7 Be5 37. Bb4 Bxh3+ 38. Ke2 Bg4 39. Rxf8+ Kxf8 40. c6+ Ke8 41. Kd3 Kd8 42. Rf7 Be6 43. Re7 Bc4+ 44. Kc2 d3+ 45. Kd1 Bb3+ 46. Kc1 Kc8 47. Nd2 Nxd2 48. Ba5 Bc3 49. Re8# 1-0


[Site "https://www.chess.com"]

[Event "Titled Tuesday Blitz October 31 Late 2023"]
[White "Elsa167"]
[Black "Colbow, Collin"]
[BlackFideId "16201132"]
[WhiteElo "2966"]
[BlackElo "2610"]
[Result "1-0"]
[Round "2"]
[TimeControl "180+1"]
[Date "2023.10.31"]
[WhiteClock "0:00:22"]
[BlackClock "0:00:01"]
[Board "11"]

1. d4 Nf6 2. c4 g6 3. Nc3 Bg7 4. e4 d6 5. h3 O-O 6. Be3 Nfd7 7. g4 c5 8. Nge2 cxd4 9. Nxd4 Nc6 10. Bg2 Nde5 11. b3 Qa5 12. Rc1 a6 13. O-O Bd7 14. f4 Nxd4 15. Bxd4 Nc6 16. Bxg7 Kxg7 17. Qd2 Rac8 18. Rfd1 Rfd8 19. Qb2 f6 20. Nd5 Rf8 21. g5 Qd8 22. Kh2 h6 23. gxf6+ exf6 24. Ne3 Qe7 25. Qa3 Rcd8 26. Qxd6 Qxd6 27. Rxd6 Bc8 28. c5 Kf7 29. Nc4 Ke7 30. Rcd1 Be6 31. Nb6 Rxd6 32. cxd6+ Kf7 33. e5 Rd8 34. Bxc6 bxc6 35. Na4 Bf5 36. Nc5 g5 37. Re1 gxf4 38. e6+ Bxe6 39. Rxe6 Rg8 40. Re7+ Kf8 41. Ne6# 1-0


[Site "https://www.chess.com"]

[Event "Titled Tuesday Blitz October 31 Late 2023"]
[White "Krishnan, Varun"]
[Black "Hong, Andrew"]
[WhiteFideId "5054508"]
[BlackFideId "2099438"]
[WhiteElo "2610"]
[BlackElo "2958"]
[Result "0-1"]
[Round "2"]
[TimeControl "180+1"]
[Date "2023.10.31"]
[WhiteClock "0:00:35"]
[BlackClock "0:01:16"]
[Board "12"]

1. e4 c5 2. Nf3 a6 3. c4 g6 4. d4 Bg7 5. Nc3 cxd4 6. Nxd4 Nc6 7. Be3 Nf6 8. f3 O-O 9. Qd2 d6 10. Be2 Bd7 11. O-O Qb8 12. a4 Rc8 13. a5 Qc7 14. Nd5 Nxd5 15. cxd5 Nxd4 16. Bxd4 Qc2 17. Be3 Qxd2 18. Bxd2 Bd4+ 19. Kh1 Rc2 20. Rfd1 Rac8 21. Rab1 Rxb2 22. Rxb2 Bxb2 23. Bd3 Bc3 24. Kg1 Ba4 25. Rc1 Bd4+ 26. Kf1 Rxc1+ 27. Bxc1 Bc3 28. e5 Bxe5 29. Bd2 Bxh2 30. f4 Bg3 31. Be2 h5 32. f5 Bb5 33. Bxb5 axb5 34. fxg6 fxg6 35. Ke2 Kf7 36. Kd3 Bf2 37. Kc3 Bc5 38. Kb3 Kf6 39. Bc3+ Kf5 40. Bg7 g5 41. Bf8 Kf6 42. Kc2 h4 43. Kd3 g4 44. Ke4 b4 45. Bh6 b3 46. Bc1 h3 47. Bb2+ Kg5 48. gxh3 gxh3 49. Kf3 Kf5 50. Kg3 Ke4 51. Kxh3 Bd4 52. Ba3 b2 53. Bxb2 Bxb2 54. Kg4 Kxd5 55. Kf5 e5 56. Kg6 Kc6 57. Kf7 e4 58. Ke6 e3 59. Kf7 e2 60. Ke8 e1=Q+ 61. Kd8 Bf6+ 62. Kc8 Qe8# 0-1


[Site "https://www.chess.com"]

[Event "Titled Tuesday Blitz October 31 Late 2023"]
[White "Daneshvar, Bardiya"]
[Black "Souleidis, Georgios"]
[WhiteFideId "12576468"]
[BlackFideId "4206827"]
[WhiteElo "2957"]
[BlackElo "2608"]
[Result "1/2-1/2"]
[Round "2"]
[TimeControl "180+1"]
[Date "2023.10.31"]
[WhiteClock "0:00:11"]
[BlackClock "0:00:09"]
[Board "13"]

1. b3 d5 2. Bb2 Bf5 3. d3 e6 4. Nd2 Nf6 5. g3 h6 6. Bg2 c6 7. e4 Bh7 8. Ne2 Be7 9. O-O O-O 10. Nf4 a5 11. exd5 exd5 12. c4 dxc4 13. dxc4 Nbd7 14. Nf3 Re8 15. Nd4 Bf8 16. a3 Qb6 17. Qf3 Be4 18. Qc3 Bxg2 19. Nxg2 Bd6 20. Qc2 Be5 21. Rfd1 Rad8 22. Rab1 Nc5 23. b4 axb4 24. axb4 Nce4 25. Nf3 Bxb2 26. Qxb2 Rxd1+ 27. Rxd1 Rd8 28. Rxd8+ Qxd8 29. Ne3 Qd3 30. Ne5 Qd6 31. c5 Qe6 32. h4 Nd5 33. Nxd5 Qxd5 34. Nf3 Nxg3 35. fxg3 Qxf3 36. Kh2 Qd5 37. Qe2 Kf8 38. Qb2 f6 39. Qc3 Kf7 40. Qc2 f5 41. Qf2 g5 42. hxg5 hxg5 43. Qb2 Kg6 44. Qc3 g4 45. Qc2 Qe4 46. Qd2 Kh5 47. Qb2 Kg6 48. Qd2 Qd5 49. Qxd5 cxd5 50. b5 d4 51. Kg2 d3 52. Kf1 f4 53. c6 bxc6 54. bxc6 d2 55. Ke2 fxg3 56. c7 d1=Q+ 57. Kxd1 g2 58. c8=Q g1=Q+ 59. Ke2 Qg2+ 60. Ke1 Qg1+ 61. Ke2 Qg2+ 62. Ke1 Qe4+ 63. Kf2 Kg5 64. Qd8+ Kf4 65. Qf6+ Qf5 66. Qxf5+ Kxf5 67. Kg3 Kg5 68. Kg2 Kf4 69. Kf2 g3+ 70. Kg2 Kg4 71. Kg1 Kf3 72. Kf1 g2+ 73. Kg1 Kg3 1/2-1/2


[Site "https://www.chess.com"]

[Event "Titled Tuesday Blitz October 31 Late 2023"]
[White "FoxOnTheRun97"]
[Black "Bok, Benjamin"]
[BlackFideId "1017063"]
[WhiteElo "2607"]
[BlackElo "2955"]
[Result "0-1"]
[Round "2"]
[TimeControl "180+1"]
[Date "2023.10.31"]
[WhiteClock "0:00:00"]
[BlackClock "0:00:20"]
[Board "14"]

1. d4 Nf6 2. Bg5 d5 3. Bxf6 gxf6 4. e3 c5 5. Nf3 Nc6 6. Be2 Qb6 7. dxc5 Qxb2 8. Nbd2 Qc3 9. O-O Qxc5 10. c4 dxc4 11. Bxc4 Bg7 12. Rc1 Qa5 13. Nb3 Qb6 14. Qd5 O-O 15. Qh5 e6 16. Rfd1 f5 17. g4 Na5 18. gxf5 Nxc4 19. Rxc4 exf5 20. Kh1 Qh6 21. Qxh6 Bxh6 22. Rg1+ Bg7 23. Nbd4 b5 24. Rxc8 Raxc8 25. Nxf5 Kh8 26. Rxg7 Rc2 27. Rg2 Rxa2 28. N3d4 Ra1+ 29. Rg1 Rxg1+ 30. Kxg1 b4 31. Kf1 a5 32. Nd6 a4 33. Ke2 a3 34. Nb3 a2 35. Nc4 Rc8 36. Ncd2 Rc1 37. Kd3 a1=Q 38. Nxa1 Rxa1 39. Kc4 Ra2 40. Ne4 f5 0-1


[Site "https://www.chess.com"]

[Event "Titled Tuesday Blitz October 31 Late 2023"]
[White "Manukyan, Sargis A."]
[Black "Ilamparthi A R"]
[WhiteFideId "13303970"]
[BlackFideId "45015775"]
[WhiteElo "2607"]
[BlackElo "2944"]
[Result "1/2-1/2"]
[Round "2"]
[TimeControl "180+1"]
[Date "2023.10.31"]
[WhiteClock "0:00:10"]
[BlackClock "0:00:06"]
[Board "15"]

1. d4 Nf6 2. c4 g6 3. Nc3 Bg7 4. Nf3 d6 5. Bf4 O-O 6. h3 Nbd7 7. e3 c6 8. Be2 Re8 9. O-O b6 10. Bh2 Bb7 11. b4 a5 12. a3 Qc7 13. Qc2 c5 14. bxc5 bxc5 15. d5 Ba6 16. Rab1 Rab8 17. e4 Rxb1 18. Rxb1 Rb8 19. Bd3 Ne8 20. Nd2 Rxb1+ 21. Ndxb1 Nb6 22. Qb3 Nf6 23. Bf4 Nfd7 24. Bf1 Ne5 25. Nb5 Qd7 26. N1c3 Nexc4 27. Bxc4 Nxc4 28. Qxc4 Bxc3 29. Qxc3 Qxb5 30. f3 f6 31. Bd2 a4 32. Qa5 Qe2 33. Qd8+ Kf7 34. Bh6 g5 35. Bf8 Qe3+ 36. Kh1 Qc1+ 37. Kh2 Qf4+ 38. Kg1 Qc1+ 39. Kh2 Qf4+ 40. Kg1 Qe5 41. Bh6 Kg6 42. Qf8 f5 43. exf5+ Kh5 44. Qg7 Qxg7 45. Bxg7 Bc4 46. g4+ Kh4 47. Kh2 Bxd5 48. Bf8 Bxf3 49. Bxe7 h5 50. f6 Bd5 51. gxh5 Kxh5 52. Bxd6 c4 53. Be5 Kg6 54. Kg3 Kf5 55. Bc3 Be6 56. h4 gxh4+ 57. Kxh4 Ke4 58. Kg5 Kd3 59. Be5 c3 60. Kf4 c2 61. Bb2 Kd2 62. Ke5 Bb3 63. Kd4 c1=Q 64. Bxc1+ Kxc1 65. Kc3 Kb1 66. Kb4 Ka2 67. f7 Bxf7 68. Kxa4 Be8+ 69. Kb4 Bd7 70. a4 Bxa4 1/2-1/2


[Site "https://www.chess.com"]

[Event "Titled Tuesday Blitz October 31 Late 2023"]
[White "Chigaev, Maksim"]
[Black "Karamsetty, Jeevan"]
[WhiteFideId "4108116"]
[BlackFideId "2025337"]
[WhiteElo "2938"]
[BlackElo "2600"]
[Result "1-0"]
[Round "2"]
[TimeControl "180+1"]
[Date "2023.10.31"]
[WhiteClock "0:00:09"]
[BlackClock "0:00:05"]
[Board "16"]

1. e4 d6 2. d4 Nf6 3. Nc3 e5 4. Nf3 Nbd7 5. Rg1 g6 6. g4 Bg7 7. Be3 O-O 8. g5 Nh5 9. Qd2 Re8 10. O-O-O c6 11. a4 Qa5 12. Kb1 Nb6 13. b3 Qb4 14. Bd3 exd4 15. Na2 Qc5 16. b4 Nc4 17. bxc5 Nxd2+ 18. Bxd2 dxc5 19. c4 Be6 20. Nc1 a6 21. a5 Rab8 22. Kc2 Bf8 23. Nb3 Bd6 24. Rb1 Bh3 25. Bc1 Re7 26. Ba3 Nf4 27. Bxc5 Rd8 28. Bxd6 Rxd6 29. Nc5 Bc8 30. Kd2 Kg7 31. h4 h5 32. Rbe1 Bg4 33. Nh2 Re5 34. Nxg4 Rxc5 35. Nh2 Rxa5 36. Ra1 Rc5 37. Nf3 b5 38. Rgc1 Rd8 39. cxb5 Rxc1 40. Rxc1 cxb5 41. Rc7 Ne6 42. Ra7 Nc5 43. Ne5 Rf8 44. f3 Kg8 45. Bb1 Nb3+ 46. Kc2 Nc5 47. Ba2 d3+ 48. Nxd3 Nxd3 49. Kxd3 Rd8+ 50. Ke3 Rf8 51. Rxa6 Rc8 52. Rxg6+ Kf8 53. Ra6 Rc3+ 54. Kf4 Rc7 55. Rb6 Kg7 56. Bd5 Ra7 57. Rxb5 Re7 58. Rb7 1-0


[Site "https://www.chess.com"]

[Event "Titled Tuesday Blitz October 31 Late 2023"]
[White "Ibadov, Dashgyn"]
[Black "Sjugirov, Sanan"]
[WhiteFideId "24107514"]
[BlackFideId "4189302"]
[WhiteElo "2598"]
[BlackElo "2938"]
[Result "0-1"]
[Round "2"]
[TimeControl "180+1"]
[Date "2023.10.31"]
[WhiteClock "0:00:00"]
[BlackClock "0:00:04"]
[Board "17"]

1. e4 c6 2. d4 d5 3. exd5 cxd5 4. Bd3 Nc6 5. c3 Qc7 6. h3 e6 7. Nf3 Bd6 8. O-O Nge7 9. Re1 Bd7 10. Nbd2 f6 11. c4 O-O 12. a3 Rad8 13. Qc2 h6 14. b4 Bf4 15. Nf1 Bxc1 16. Raxc1 Qf4 17. Qc3 dxc4 18. Bxc4 Nd5 19. Bxd5 exd5 20. b5 Nb8 21. Qb3 Bf5 22. Ne3 Be6 23. a4 Nd7 24. a5 Qd6 25. a6 Rb8 26. axb7 Rxb7 27. Nh4 Nb8 28. Nhf5 Qd7 29. Qd3 Rd8 30. Rc5 Qf7 31. Rec1 Rbd7 32. Rc8 Qe8 33. Rxd8 Qxd8 34. g4 Rb7 35. Kg2 Nd7 36. Rc6 Bf7 37. Rd6 Qe8 38. Rc6 Qb8 39. Nd6 Rc7 40. Nxf7 Kxf7 41. Qf5 Nb6 0-1


[Site "https://www.chess.com"]

[Event "Titled Tuesday Blitz October 31 Late 2023"]
[White "Mahdavi, Reza"]
[Black "Roberson, Peter T"]
[WhiteFideId "12595926"]
[BlackFideId "412384"]
[WhiteElo "2935"]
[BlackElo "2597"]
[Result "1-0"]
[Round "2"]
[TimeControl "180+1"]
[Date "2023.10.31"]
[WhiteClock "0:01:22"]
[BlackClock "0:00:00"]
[Board "18"]

1. c4 b6 2. Nf3 Bb7 3. d4 g6 4. Nc3 Nf6 5. g3 Ne4 6. d5 Nxc3 7. Qd4 f6 8. Qxc3 Bg7 9. h4 O-O 10. h5 f5 11. Qc2 e6 12. hxg6 hxg6 13. Bg5 Qe8 14. Rd1 exd5 15. cxd5 Na6 16. Qc4 d6 17. Qh4 Kf7 18. Bh6 Rh8 19. Qf4 Bxb2 20. Bh3 Be5 21. Qc1 Nc5 22. Kf1 Ba6 23. Re1 Bf6 24. Be3 Qe4 25. Bg2 Rxh1+ 26. Bxh1 Qc4 27. Qa3 Rh8 28. Kg1 Bb7 29. Qxa7 Qxd5 30. Ng5+ Bxg5 31. Bxd5+ Bxd5 32. Qxc7+ Ke6 33. f4 Rh1+ 34. Kf2 Rh2+ 35. Kf1 Rh1+ 36. Bg1 Bf6 37. Qc8+ Ke7 38. Qc7+ Ke6 39. e4 Nxe4 40. Kg2 Rh5 41. Bxb6 Be7 42. Bd4 Kf7 43. Kg1 Nc5 44. Qxe7+ 1-0


[Site "https://www.chess.com"]

[Event "Titled Tuesday Blitz October 31 Late 2023"]
[White "Bauman_Guy"]
[Black "Tifferet, Shaked"]
[BlackFideId "2811529"]
[WhiteElo "2919"]
[BlackElo "2595"]
[Result "1-0"]
[Round "2"]
[TimeControl "180+1"]
[Date "2023.10.31"]
[WhiteClock "0:00:09"]
[BlackClock "0:00:00"]
[Board "19"]

1. e4 e6 2. d4 d5 3. Nc3 a6 4. exd5 exd5 5. Bd3 Be7 6. Nge2 Nf6 7. O-O O-O 8. Bf4 c6 9. Qd2 Bg4 10. f3 Bh5 11. Ng3 Bg6 12. Nf5 Bxf5 13. Bxf5 Nbd7 14. Rfe1 Re8 15. a3 Nb6 16. b3 Nc8 17. Ne2 Nd6 18. Bd3 Bf8 19. Ng3 Qd7 20. a4 Rxe1+ 21. Rxe1 Re8 22. Be5 Re6 23. Nf5 g6 24. Nh6+ Bxh6 25. Qxh6 Nde8 26. Kf2 Qe7 27. Qd2 Nd7 28. Bg3 Rxe1 29. Qxe1 Qxe1+ 30. Kxe1 Nf8 31. Kd2 Ne6 32. Kc3 Kf8 33. b4 Ke7 34. b5 a5 35. bxc6 bxc6 36. Bf2 Nd6 37. Kb3 Kd7 38. Bf1 Kc8 39. c3 Kb7 40. Bg3 Nf5 41. Bf2 Nd6 42. g4 Ng5 43. Bg2 Ne6 44. Bf1 Ng5 45. Be2 Ne6 46. Bg3 Nc8 47. h4 Nb6 48. Bd6 Nc8 49. Ba3 Nb6 50. Bc1 Nd7 51. Be3 Nb6 52. c4 dxc4+ 53. Bxc4 Nxc4 54. Kxc4 Nc7 55. Kc5 Nd5 56. Bd2 Nb6 57. Bxa5 Nxa4+ 58. Kd6 Nb2 59. Ke7 Nc4 60. Bc3 f5 61. gxf5 gxf5 62. Kf6 Ne3 63. Bd2 Nc4 64. Bf4 Kc8 65. Kg7 Kd7 66. Kxh7 Nb6 67. Kg6 Ke6 68. h5 Nd5 69. Bg5 Nc7 70. h6 Kd5 71. h7 Ne6 72. h8=Q Nxd4 73. Bf4 Nxf3 74. Kxf5 Nd4+ 75. Kg4 c5 76. Qe5+ Kc4 77. Be3 Nb3 78. Kf3 Kb5 79. Ke4 Kc4 80. Qd5+ Kb4 81. Kd3 1-0


[Site "https://www.chess.com"]

[Event "Titled Tuesday Blitz October 31 Late 2023"]
[White "Colas, Joshua"]
[Black "Ibarra Jerez, Jose Carlos"]
[WhiteFideId "2044447"]
[BlackFideId "2226332"]
[WhiteElo "2592"]
[BlackElo "2912"]
[Result "0-1"]
[Round "2"]
[TimeControl "180+1"]
[Date "2023.10.31"]
[WhiteClock "0:00:54"]
[BlackClock "0:01:03"]
[Board "20"]

1. Nf3 d6 2. d4 Nf6 3. g3 g6 4. Bg2 Bg7 5. O-O O-O 6. b3 b5 7. Bb2 Bb7 8. Nbd2 Nbd7 9. c4 bxc4 10. Nxc4 a5 11. a4 Ra6 12. Bc3 Qa8 13. Qe1 Ne4 14. Bb2 Rb8 15. Qd1 c5 16. Rc1 Bd5 17. Qd3 cxd4 18. Bxd4 Nec5 19. Qe3 Bxd4 20. Nxd4 Bxg2 21. Rfd1 Bh3 22. Qxe7 0-1


[Site "https://www.chess.com"]

[Event "Titled Tuesday Blitz October 31 Late 2023"]
[White "StiffMaster1"]
[Black "Harsha Bharathakoti"]
[BlackFideId "5078776"]
[WhiteElo "2588"]
[BlackElo "2910"]
[Result "0-1"]
[Round "2"]
[TimeControl "180+1"]
[Date "2023.10.31"]
[WhiteClock "0:00:00"]
[BlackClock "0:00:08"]
[Board "21"]

1. e4 g6 2. d4 Bg7 3. Nf3 d6 4. Nc3 a6 5. h3 b5 6. a3 Bb7 7. Bg5 Nd7 8. Qe2 c5 9. O-O-O cxd4 10. Nxd4 Rc8 11. Nd5 Ngf6 12. Nxf6+ Nxf6 13. e5 Ne4 14. Bf4 O-O 15. e6 f5 16. f3 Nc5 17. Kb1 Qb6 18. Bg5 b4 19. axb4 Na4 20. Qd2 Rc7 21. Be3 a5 22. Nxf5 Qxb4 23. Qxb4 axb4 24. Nxg7 Kxg7 25. Bd4+ Kg8 26. h4 Ra8 27. h5 g5 28. h6 Nc5 29. Bc4 Bc8 30. Rh5 Bxe6 31. Rxg5+ Kf8 32. Rxc5 dxc5 33. Be5 Rca7 34. Bg7+ Kf7 35. Bxe6+ Kxe6 36. b3 Rd7 37. Re1+ Kf7 38. Kc1 Rd5 39. g4 e6 40. f4 Rad8 41. g5 Rc8 42. Be5 c4 43. bxc4 Rxc4 44. Kb2 Rd2 45. Rc1 Kg6 46. Kb3 Rc6 47. Kxb4 Rdxc2 48. Rxc2 Rxc2 49. Kb3 Rc6 50. Kb4 Rc8 51. Kb5 Kf5 52. Kb6 Rc2 53. Kb5 Rc8 54. Kb6 Rc1 55. Kb5 Re1 56. Kc6 Rd1 57. Kc7 Rd5 58. Kc6 Kg6 59. Kc7 Kf7 60. Kc6 Kg6 61. Kc7 Rd1 62. Kc6 Kf5 63. Bd6 Rd2 64. Kd7 Rd3 65. Ke7 Rd5 66. Be5 Rb5 67. Kf7 Rb7+ 68. Kg8 Kg6 69. Kf8 Ra7 70. Ke8 Rb7 71. Kf8 Kf5 72. Kg8 Rd7 73. Bg7 Kg6 74. Kf8 Rf7+ 75. Kg8 Rxf4 76. Bf6 Rf5 77. Kf8 e5 78. Ke7 e4 79. Ke6 e3 80. Be7 e2 0-1


[Site "https://www.chess.com"]

[Event "Titled Tuesday Blitz October 31 Late 2023"]
[White "Grigoriants, Sergey"]
[Black "Filipets, Egor"]
[WhiteFideId "4130804"]
[BlackFideId "13503928"]
[WhiteElo "2898"]
[BlackElo "2586"]
[Result "1/2-1/2"]
[Round "2"]
[TimeControl "180+1"]
[Date "2023.10.31"]
[WhiteClock "0:00:06"]
[BlackClock "0:00:35"]
[Board "22"]

1. d4 f5 2. Bg5 g6 3. e3 Nh6 4. Bc4 Nf7 5. Bh4 Bg7 6. Nf3 O-O 7. Bb3 Kh8 8. Nc3 Nc6 9. Qd2 Na5 10. Nd5 Nxb3 11. axb3 Re8 12. O-O c6 13. Nf4 d5 14. Nd3 h6 15. c4 Be6 16. Nf4 Qd7 17. Nxg6+ Kh7 18. Nf4 dxc4 19. Nxe6 Qxe6 20. bxc4 Qxc4 21. Rfc1 Qe6 22. Bg3 a6 23. Qb4 Qd7 24. Ra5 e6 25. h3 Rac8 26. Qb3 Ng5 27. Ne5 Bxe5 28. Bxe5 Ne4 29. f3 Nd6 30. Qd3 Rg8 31. Kh1 Nf7 32. Bf4 Rce8 33. e4 e5 34. Be3 exd4 35. Bxd4 fxe4 36. fxe4 Ne5 37. Qc3 Ng6 38. Be3 Rxe4 39. Rh5 Nf4 40. Bxf4 Rxf4 41. Re1 Qg7 42. Qc2+ Qg6 43. Qxg6+ Kxg6 44. Rhe5 Rgf8 45. Re6+ R8f6 46. Re7 Rf1+ 47. Rxf1 Rxf1+ 48. Kh2 Rf7 49. Re8 Rc7 50. g4 c5 51. Kg3 c4 52. Kf4 b5 53. Re6+ Kg7 54. Rxa6 b4 55. Ra1 c3 56. bxc3 Rxc3 57. h4 Kf6 58. Ra6+ Kg7 59. Ra7+ Kf6 60. Ra6+ Kg7 61. Ra7+ Kg6 62. Ra6+ Kg7 1/2-1/2


[Site "https://www.chess.com"]

[Event "Titled Tuesday Blitz October 31 Late 2023"]
[White "Bartel, Michal"]
[Black "Vasquez Schroeder, Rodrigo"]
[WhiteFideId "1119257"]
[BlackFideId "3400042"]
[WhiteElo "2585"]
[BlackElo "2896"]
[Result "1-0"]
[Round "2"]
[TimeControl "180+1"]
[Date "2023.10.31"]
[WhiteClock "0:01:44"]
[BlackClock "0:00:34"]
[Board "23"]

1. e4 c5 2. Ne2 Nf6 3. Nbc3 d6 4. g3 b6 5. Bg2 Bb7 6. O-O e6 7. d4 cxd4 8. Nxd4 a6 9. Re1 Qc7 10. Nd5 exd5 11. exd5+ Kd8 12. Bg5 Nd7 13. Nc6+ Bxc6 14. dxc6 Nc5 15. Qd4 Be7 16. Rxe7 Kxe7 17. Re1+ Kf8 18. Bxf6 gxf6 19. Qxf6 Rg8 20. Bd5 Rg7 21. b4 Na4 22. c4 b5 23. cxb5 axb5 24. h4 Nb6 25. Bb3 Qxc6 26. Bxf7 Nd7 27. Qe7# 1-0


[Site "https://www.chess.com"]

[Event "Titled Tuesday Blitz October 31 Late 2023"]
[White "Mikaelyan, Arman"]
[Black "Skatchkov, Valery"]
[WhiteFideId "13304852"]
[BlackFideId "24195812"]
[WhiteElo "2896"]
[BlackElo "2585"]
[Result "1-0"]
[Round "2"]
[TimeControl "180+1"]
[Date "2023.10.31"]
[WhiteClock "0:01:09"]
[BlackClock "0:00:46"]
[Board "24"]

1. d4 Nf6 2. c4 e6 3. Nf3 d5 4. Nc3 Ne4 5. g3 Nxc3 6. bxc3 dxc4 7. Bg2 c6 8. Ne5 b5 9. a4 b4 10. O-O a5 11. Nxc6 Nxc6 12. Bxc6+ Bd7 13. Bxa8 Qxa8 14. cxb4 axb4 15. a5 Be7 16. a6 O-O 17. a7 Rc8 18. Bf4 c3 19. Qb3 Bc6 20. Ra5 Bd5 21. Qa4 b3 22. Qd7 Bf8 23. Bb8 Qb7 24. Rxd5 Qxd5 25. Qxd5 exd5 26. a8=Q c2 27. Qb7 Rc3 1-0


[Site "https://www.chess.com"]

[Event "Titled Tuesday Blitz October 31 Late 2023"]
[White "Ezat, Mohamed"]
[Black "Kravtsiv, Martyn"]
[WhiteFideId "10600906"]
[BlackFideId "14113147"]
[WhiteElo "2584"]
[BlackElo "2888"]
[Result "0-1"]
[Round "2"]
[TimeControl "180+1"]
[Date "2023.10.31"]
[WhiteClock "0:00:00"]
[BlackClock "0:00:33"]
[Board "25"]

1. d4 Nf6 2. c4 e6 3. Nc3 d5 4. cxd5 exd5 5. Bg5 c6 6. Qc2 h6 7. Bf4 Bd6 8. Bxd6 Qxd6 9. e3 O-O 10. Bd3 a5 11. Nge2 Na6 12. a3 b5 13. O-O Bd7 14. Ng3 Rfe8 15. Rac1 h5 16. h3 h4 17. Nge2 Nc7 18. Bf5 Rac8 19. Bxd7 Qxd7 20. Nb1 Ne6 21. Nd2 Ng5 22. Nb3 Nxh3+ 23. gxh3 Qxh3 24. Nf4 Qg4+ 25. Kh2 Qf3 26. Qd1 Rxe3 27. Qxf3 Rxf3 28. Ng2 Rxb3 29. Nxh4 g6 30. Kg2 Rxb2 31. Nf3 Ng4 32. Kg3 Nf6 33. Ne5 c5 34. dxc5 Rxc5 35. Rxc5 Ne4+ 36. Kf4 Nxc5 37. Rd1 Rxf2+ 38. Ke3 Ra2 39. Rxd5 Rxa3+ 40. Ke2 Ne4 41. Rd7 Ng3+ 42. Kd1 Re3 43. Nxf7 Nf5 44. Ng5 a4 45. Rd8+ Kg7 46. Ra8 Kf6 47. Nh7+ Ke5 0-1


[Site "https://www.chess.com"]

[Event "Titled Tuesday Blitz October 31 Late 2023"]
[White "Quesada Perez, Yasser"]
[Black "Sivakumar, Shaaketh"]
[WhiteFideId "3509362"]
[BlackFideId "30940176"]
[WhiteElo "2888"]
[BlackElo "2582"]
[Result "0-1"]
[Round "2"]
[TimeControl "180+1"]
[Date "2023.10.31"]
[WhiteClock "0:00:04"]
[BlackClock "0:00:30"]
[Board "26"]

1. d4 e6 2. Bf4 Nf6 3. e3 b6 4. Nf3 Bb7 5. Bd3 d6 6. O-O Nbd7 7. h3 Be7 8. Bh2 O-O 9. a4 a6 10. Nbd2 Re8 11. e4 Bf8 12. c3 e5 13. Re1 c5 14. d5 g6 15. b4 Nh5 16. b5 a5 17. Nc4 Ng7 18. Bf1 f5 19. exf5 gxf5 20. Bg3 Be7 21. Qd2 f4 22. Bh2 Nf6 23. Rad1 Bxd5 24. Kh1 Qc7 25. Qc2 Qb7 26. Ncd2 Kh8 27. Bc4 Bxf3 28. Nxf3 d5 29. Bf1 Bd6 30. Ng5 h6 31. Qg6 hxg5 32. Qxf6 Re6 33. Qxg5 Rf8 34. Be2 Rf5 35. Qh4+ Kg8 36. Bg4 Be7 37. Bxf5 Bxh4 38. Bxe6+ Nxe6 39. Rxe5 Nc7 40. Bxf4 Bf6 41. Rf5 Kg7 42. Re1 Qc8 43. g4 Ne6 44. Bg3 Bxc3 45. h4 Bxe1 46. Be5+ Kg8 47. h5 d4 48. h6 d3 49. g5 Qe8 50. Rf6 Nxg5 0-1


[Site "https://www.chess.com"]

[Event "Titled Tuesday Blitz October 31 Late 2023"]
[White "Karttunen, Mika"]
[Black "Kazakouski, Valery"]
[WhiteFideId "502081"]
[BlackFideId "13507443"]
[WhiteElo "2581"]
[BlackElo "2878"]
[Result "0-1"]
[Round "2"]
[TimeControl "180+1"]
[Date "2023.10.31"]
[WhiteClock "0:00:08"]
[BlackClock "0:00:07"]
[Board "27"]

1. c4 c6 2. d4 d5 3. e3 Nf6 4. Nf3 Bf5 5. Nc3 e6 6. Bd3 Bxd3 7. Qxd3 Nbd7 8. O-O Be7 9. Rd1 O-O 10. e4 Qa5 11. e5 dxc4 12. Qxc4 Nd5 13. Bd2 Qd8 14. Ne4 h6 15. b4 Rc8 16. Rac1 b5 17. Qb3 Qb6 18. Rb1 Rfd8 19. g3 Nf8 20. h4 Qb7 21. Re1 Nb6 22. Rbd1 Nc4 23. Bc3 Ra8 24. Nfd2 Nb6 25. Nc5 Qc8 26. Re4 Rd5 27. Rde1 a5 28. a3 axb4 29. axb4 Na4 30. Ba1 Nxc5 31. bxc5 h5 32. R4e2 Ng6 33. Nf1 Bf8 34. Ne3 Rd7 35. Ra2 Ne7 36. Rxa8 Qxa8 37. Bb2 Ra7 38. Qd1 Ra2 39. Bc1 Qa4 40. Qxh5 Qxd4 41. Ng4 Nf5 42. Qg5 Be7 43. Qh5 Nxg3 44. Be3 Nxh5 45. Bxd4 Nf4 46. Be3 Nd5 47. Bd4 Bxh4 48. Kg2 Be7 49. Kf3 b4 50. Rb1 Rc2 51. Ke4 Bxc5 52. Bxc5 Rxc5 53. Rb3 Rc4+ 54. Kf3 c5 55. Ne3 Nxe3 56. fxe3 Rc3 57. Rb2 g5 58. Rg2 b3 59. Rxg5+ Kf8 60. Rg1 b2 61. Ke4 Rc1 0-1


[Site "https://www.chess.com"]

[Event "Titled Tuesday Blitz October 31 Late 2023"]
[White "Sargsyan, Anna M."]
[Black "Aravindh, Chithambaram VR."]
[WhiteFideId "13308130"]
[BlackFideId "5072786"]
[WhiteElo "2574"]
[BlackElo "2873"]
[Result "0-1"]
[Round "2"]
[TimeControl "180+1"]
[Date "2023.10.31"]
[WhiteClock "0:00:00"]
[BlackClock "0:00:39"]
[Board "28"]

1. e4 Nf6 2. e5 Nd5 3. c4 Nb6 4. d4 d6 5. exd6 cxd6 6. Be3 g6 7. Nc3 Bg7 8. b3 O-O 9. Rc1 Nc6 10. Be2 e5 11. dxe5 dxe5 12. Nf3 Nd4 13. O-O Re8 14. c5 Nxe2+ 15. Qxe2 Nd5 16. Ne4 Nf4 17. Bxf4 exf4 18. Rcd1 Qe7 19. Rfe1 Bf5 20. Nfd2 Rad8 21. Qf1 Bxe4 22. Rxe4 Qxc5 23. Rxf4 Qc2 24. Rc4 Qxa2 25. Ne4 Qxb3 26. Nd6 Re6 27. Rb1 Qa2 28. Nxb7 Rde8 29. Rcc1 Re2 30. f3 Bd4+ 31. Kh1 Rf2 32. Qg1 Ree2 33. Nd6 h5 0-1


[Site "https://www.chess.com"]

[Event "Titled Tuesday Blitz October 31 Late 2023"]
[White "Gokerkan, Cem Kaan"]
[Black "Kashefi, Amir Hosein"]
[WhiteFideId "6336760"]
[BlackFideId "12557935"]
[WhiteElo "2866"]
[BlackElo "2574"]
[Result "1-0"]
[Round "2"]
[TimeControl "180+1"]
[Date "2023.10.31"]
[WhiteClock "0:00:40"]
[BlackClock "0:00:00"]
[Board "29"]

1. e4 c6 2. d4 d5 3. e5 Bf5 4. h4 h5 5. c4 e6 6. Nc3 Ne7 7. Nge2 Nd7 8. Ng3 Bg6 9. Bg5 Qb6 10. Bd3 Qxb2 11. Rc1 dxc4 12. Bxg6 Nxg6 13. O-O Nb6 14. Nce4 Qxa2 15. f4 Qb3 16. Rc2 Be7 17. f5 exf5 18. Nxf5 Bxg5 19. Nfd6+ Kf8 20. Rxf7+ Kg8 21. Nxg5 Rh6 22. Qf1 Qxc2 23. Rxg7+ Kh8 24. Ndf7+ Kxg7 25. Qf6+ Kf8 26. Nxh6+ Ke8 27. Qf7+ Kd8 28. Ne6+ 1-0


[Site "https://www.chess.com"]